 Dungeon Crawl Stone Soup version 0.29.1-2-gbd0b4ee654 (webtiles) character file.

Game seed: 1619874434056899971

143483 xian the Bludgeoner (level 16, -3/163 HPs)
             Began as a Troll Gladiator on Nov 6, 2022.
             Was the Champion of Qazlal.
             Slain by a merfolk aquamancer
             ... wielding a +0 rapier
              (4 damage)
             ... on level 4 of the Shoals.
             The game lasted 01:53:11 (23591 turns).

xian the Bludgeoner (Troll Gladiator)              Turns: 23591, Time: 01:53:12

Health: -3/163     AC: 22    Str: 32    XL:     16   Next: 82%
Magic:  32/32      EV: 18    Int:  4    God:    Qazlal [******]
Gold:   881        SH: 10    Dex: 19    Spells: 14/15 levels left

rFire   . . .      SeeInvis +   o - +10 giant spiked club (spect)
rCold   + + .      Faith    .   (shield currently unavailable)
rNeg    . . .      Spirit   .   s - +0 ice dragon scales
rPois   .          Reflect  .   c - +0 hat
rElec   +          Harm     .   t - +1 cloak of Starlight {*Dazzle EV+4 Stlth--}
rCorr   +          Rampage  .   (gloves unavailable)
Will    +....                   (boots unavailable)
Stlth   +.........              u - amulet "Tasuniok" {rElec rF+ Regen+ MP+9 Stlth+}
HPRegen 1.97/turn               X - ring of the Octopus King {Fly HP+2 AC+2 EV+2 SH+2}
MPRegen 0.23/turn               B - ring "Qiuvaig" {rCorr Dex+8 Slay+2 SInv Stlth+}

@: lethally poisoned (-3 -> -3), protected from physical damage, flying, repel
missiles
A: large, unfitting armour, claws 3, regeneration 1, shaggy fur 1, tough skin 1
a: Renounce Religion, Upheaval, Elemental Force, Disaster Area


You were on level 4 of the Shoals.
You worshipped Qazlal.
Qazlal was exalted by your worship.
You visited 6 branches of the dungeon, and saw 28 of its levels.
You visited the Abyss 1 time.
You also visited: Bailey.

You collected 2239 gold pieces.
You spent 1358 gold pieces at shops.

Inventory:

Hand Weapons
 b - a +2 halberd of distortion
 o - a +10 spectral giant spiked club (weapon)
Missiles
 d - 9 throwing nets
 p - 4 curare-tipped darts
 r - 14 large rocks (quivered)
 w - 56 poisoned darts
 z - 13 javelins
 H - 6 datura-tipped darts
 M - 14 boomerangs
 N - a boomerang of dispersal
 S - 6 atropa-tipped darts
Armour
 c - a +0 hat (worn)
 e - a +1 kite shield of protection
 s - +0 ice dragon scales (worn)
 t - the +1 cloak of Starlight (worn) {*Dazzle EV+4 Stlth--}
   (You found it on level 15 of the Dungeon)

   It may blind those who miss an attack against the wearer in melee combat.
   EV:        It affects your evasion (+4).
   Stlth:     It makes you much less stealthy.
Jewellery
 k - a ring of wizardry
 l - the ring "Cafor" {rPois rC+ rN+ Str+3 Int+3}
   (You found it on level 1 of the Shoals)

   [ring of positive energy]

   Str:       It affects your strength (+3).
   Int:       It affects your intelligence (+3).
   rC:        It protects you from cold.
   rPois:     It protects you from poison.
   rN:        It protects you from negative energy.
 u - the amulet "Tasuniok" (around neck) {rElec rF+ Regen+ MP+9 Stlth+}
   (You bought it in a shop on level 10 of the Dungeon)

   [amulet of regeneration]

   rF:        It protects you from fire.
   rElec:     It insulates you from electricity.
   MP:        It affects your magic capacity (+9).
   Regen:     It increases your rate of health regeneration.
   Stlth:     It makes you more stealthy.
 v - a ring of protection from cold
 B - the ring "Qiuvaig" (right claw) {rCorr Dex+8 Slay+2 SInv Stlth+}
   (You found it on level 1 of the Shoals)

   [ring of resist corrosion]

   Dex:       It affects your dexterity (+8).
   Slay:      It affects your accuracy & damage with ranged weapons and melee
   (+2).
   SInv:      It lets you see invisible.
   rCorr:     It protects you from acid and corrosion.
   Stlth:     It makes you more stealthy.
 P - the ring of Modaoguh {rC+ Will+ Slay+2}
   (You bought it in a shop on level 9 of the Dungeon)

   [ring of willpower]

   Slay:      It affects your accuracy & damage with ranged weapons and melee
   (+2).
   rC:        It protects you from cold.
   Will:      It increases your willpower.
 X - a ring of the Octopus King (left claw) {Fly HP+2 AC+2 EV+2 SH+2}
   (You found it on level 5 of the Lair of Beasts)

   [ring of flight]

   AC:        It affects your AC (+2).
   EV:        It affects your evasion (+2).
   HP:        It affects your health (+2).
   Fly:       It grants you flight.
   SH:        It affects your SH (+2).
Wands
 x - a wand of quicksilver (11)
 y - a wand of paralysis (20)
 J - a wand of roots (20)
 O - a wand of flame (29)
 Z - a wand of digging (6)
Scrolls
 a - 5 scrolls of fear
 f - 4 scrolls of immolation
 g - a scroll of blinking
 i - 5 scrolls of butterflies
 j - 4 scrolls of magic mapping
 m - 2 scrolls of enchant weapon
 n - 5 scrolls of teleportation
 q - 4 scrolls of enchant armour
 D - a scroll of brand weapon
 I - 6 scrolls of silence
 U - a scroll of poison
 V - a scroll of summoning
Potions
 h - 4 potions of lignification
 A - 3 potions of invisibility
 C - 12 potions of curing
 E - a potion of resistance
 F - 5 potions of mutation
 G - 4 potions of might
 K - a potion of heal wounds
 L - 3 potions of haste
 Q - 2 potions of cancellation
 R - 14 potions of ambrosia
 W - a potion of berserk rage


   Skills:
 * Level 10.9 Fighting
 + Level 17.9 Maces & Flails
 + Level 5.5 Throwing
 + Level 10.1 Armour
 + Level 7.8 Dodging
 + Level 2.2 Stealth
 + Level 6.1 Shields
 * Level 11.0 Invocations


You had 14 spell levels left.
You knew the following spells:

 Your Spells              Type           Power      Damage    Failure   Level
a - Necrotise             Necr           0%         1d4       75%         1

Your spell library contained the following spells:

 Spells                   Type           Power      Damage    Failure   Level
 Apportation              Tloc           0%         N/A       75%         1
 Magic Dart               Conj           0%         1d3       75%         1
 Slow                     Hex            0%         N/A       75%         1
 Blink                    Tloc           0%         N/A       86%         2
 Call Imp                 Summ           0%         N/A       86%         2
 Poisonous Vapours        Pois/Air       0%         N/A       86%         2
 Static Discharge         Conj/Air       0%         3-3/arc   86%         2
 Sublimation of Blood     Necr           0%         N/A       86%         2
 Wereblood                Tmut           0%         N/A       86%         2
 Call Canine Familiar     Summ           0%         N/A       98%         3
 Confusing Touch          Hex            0%         N/A       98%         3
 Dazzling Flash           Conj/Hex       0%         N/A       98%         3
 Gell's Gravitas          Tloc           0%         N/A       98%         3
 Lesser Beckoning         Tloc           0%         N/A       98%         3
 Mephitic Cloud           Conj/Pois/Air  0%         N/A       98%         3
 Portal Projectile        Hex/Tloc       0%         N/A       98%         3
 Summon Guardian Golem    Hex/Summ       0%         N/A       98%         3
 Teleport Other           Tloc           0%         N/A       98%         3
 Tukima's Dance           Hex            0%         N/A       98%         3
 Vampiric Draining        Necr           0%         2d6       98%         3
 Airstrike                Air            0%         2d(0-16)  100%        4
 Corpse Rot               Necr/Pois/Air  0%         N/A       100%        4
 Dispel Undead            Necr           0%         3d6       100%        4
 Flame Wave               Conj/Fire      0%         2d4       100%        4
 Leda's Liquefaction      Hex/Erth       0%         N/A       100%        4
 Sticky Flame             Conj/Fire      0%         2d3       100%        4
 Agony                    Necr           0%         N/A       100%        5
 Alistair's Intoxication  Tmut/Pois      0%         N/A       100%        5
 Blade Hands              Tmut           0%         N/A       100%        5
 Fireball                 Conj/Fire      0%         3d3       100%        5
 Irradiate                Conj/Tmut      0%         3d11      100%        5
 Manifold Assault         Tloc           0%         N/A       100%        5
 Silence                  Hex/Air        0%         N/A       100%        5
 Starburst                Conj/Fire      0%         6d3       100%        6
 Dragon Form              Tmut           0%         N/A       100%        7
 Haunt                    Necr/Summ      0%         N/A       100%        7
 Storm Form               Tmut/Air       0%         N/A       100%        7
 Summon Hydra             Summ           0%         N/A       100%        7
 Ignition                 Fire           0%         3d3       100%        8


Dungeon Overview and Level Annotations

Branches:
Dungeon (15/15)            Temple (1/1) D:6            Lair (5/5) D:11
 Shoals (4/4) Lair:3        Snake (1/4) Lair:3        Slime (0/5) Lair:4
    Orc (2/2) D:9             Elf (0/3) Orc:2        Vaults (0/5) D:14
 Depths (0/4) D:15         Bailey (visited)

Altars:
Ashenzari
Cheibriados
Dithmenos
Elyvilon
Fedhas
Gozag
Hepliaklqana
Kikubaaqudgha
Makhleb
Nemelex Xobeh
Okawaru
Qazlal
Ru
Sif Muna
Trog
Uskayaw
Vehumet
Wu Jian
Xom
Yredelemnul
Zin
The Shining One

Shops:
D:3 !(   D:5 :   D:9 (:*[[   D:10 =   Orc:2 =?*[

Annotations:
D:3 1 runed translucent door, jamesblauser's ghost, amateur TeVM
D:4 2 transporters
D:10 Amulet ego
Lair:4 exclusion: 3 oklob plants


Innate Abilities, Weirdness & Mutations

You are too large for most types of armour.
You have claws for hands.
Your natural rate of healing is unusually fast.
You are covered in fur. (AC +1)
You have tough skin. (AC +1)


Message History

The sea snake bites you but does no damage.
You block the wind drake's attack. The merfolk misses you.
The snapping turtle bites you from afar.
* * * LOW HITPOINT WARNING * * *
The merfolk aquamancer casts a spell at you.
You block the shard of ice.
You skewer the sea snake like a kebab!!!
You kill the sea snake!
Qazlal accepts your kill.
You feel very sick. The wind drake barely misses you.
The merfolk barely misses you. You block the snapping turtle's attack.
The merfolk aquamancer hits you with a +0 rapier.
* * * LOW HITPOINT WARNING * * *
You feel very sick. You block the water nymph's attack.
The water nymph's watery aura covers the stone staircase leading up.
The wind drake completely misses you.
The wind drake's sight is seared by the starlight!
The merfolk hits you but does no damage.
The snapping turtle misses you.
The merfolk aquamancer gestures at you while chanting.
The shard of ice hits you! You partially resist.
* * * LOW HITPOINT WARNING * * *
You see here a water nymph corpse.
You can't go up here!
You skewer the wind drake like a kebab!!!
The wind drake is severely wounded.
Your +10 spectral giant spiked club hits the wind drake!!!
You kill the wind drake!
Qazlal accepts your kill.
You feel sick. The water nymph casts a spell at you.
The water rises up and strikes you!
* * * LOW HITPOINT WARNING * * *
You block the merfolk's attack. The snapping turtle bites you!
* * * LOW HITPOINT WARNING * * *
You feel more protected from physical attacks.
The merfolk aquamancer hits you with a +0 rapier.
You die...

#PP~~~ # #.P~~~~
≈# .#....~~~~
≈≈######..P..~P~~
≈≈≈~~~~~......~P.
≈≈≈~~~~~~..P.....
≈≈≈~~~~☼☼§~~~~~..
≈≈≈~~~~~~m~~~~~~~
≈≈~~~~°~@(§~~~~~~
≈≈~~~~~mmt~~~~~~~
~~≈~~P°~○☼~.~~≈~~
~~~P~~~~~~~.~≈≈≈~
~~~PP~~~....~~~~~
PP~PP~~~###.~~~~~
~PP~~~~.# .~~~~~
~~~PP~~~. ~~~~~~
.)~m~PP~. ~~~~~~


You could see a merfolk aquamancer, a snapping turtle, a merfolk, a water nymph
and a friendly +10 spectral giant spiked club (summoned).

Vanquished Creatures
  Jorgrun (Orc:2)
  The ghost of tizbic2 the Imperceptible, an adept NaBe of Trog (Shoals:1)
  The ghost of TheDoctor the Warrior, an adept FoFi of Okawaru (Lair:2)
  A kraken (Shoals:3)
  The ghost of Tang the Devastator, an adept TeAE of Sif Muna (Shoals:2)
  3 tentacled starspawn (Abyss:2)
  Agnes (D:15)
  A daeva (Abyss:2)
  Louise (Shoals:3)
  Azrael (D:14)
  A merfolk impaler (Shoals:1)
  Josephine (Lair:3)
  An ettin (D:15)
  A spectral kraken (Shoals:1)
  Harold (Lair:1)
  3 boulder beetles
  4 vault guards
  7 hydras
  10 centaur warriors
  2 ogre magi (D:15)
  5 merfolk avatars
  An anaconda (Snake:1)
  11 two-headed ogres
  5 tengu warriors
  A satyr (Shoals:3)
  9 death yaks
  2 thrashing horrors (Abyss:2)
  3 orc high priests (Orc:2)
  A wretched star (Abyss:2)
  Lodul (D:14)
  A deep troll (D:15)
  A glowing orange brain (Abyss:2)
  9 sea snakes
  A shadow demon (Abyss:2)
  5 orc knights
  2 deep elf pyromancers
  A wizard (D:15)
  A necromancer (D:15)
  12 harpies
  8 manticores
  9 ugly things
  5 orc sorcerers
  An oklob plant (Lair:4)
  4 cyclopes
  8 fauns
  A rust devil (Abyss:2)
  4 merfolk sirens
  A naga mage (Snake:1)
  14 elephants
  A guardian serpent (Abyss:2)
  5 black mambas
  A dire elephant zombie (Abyss:2)
  A smoke demon (Abyss:2)
  An eye of devastation (Abyss:2)
  3 water nymphs
  7 cane toads
  2 worldbinders (Abyss:2)
  4 gargoyles
  3 spectral sea snakes (Shoals:1)
  A torpor snail (Lair:1)
  Psyche (D:9)
  2 unseen horrors
  9 komodo dragons
  2 rime drakes
  4 kobold demonologists
  Maggie (D:9)
  An ancient zyme (Abyss:2)
  3 efreet
  4 trolls
  A queen bee (Lair:1)
  3 polar bears
  14 merfolk
  9 wind drakes
  A hornet (D:10)
  7 meliai
  7 blink frogs
  A raiju (Abyss:2)
  A raiju (shapeshifter) (D:10)
  Prince Ribbit (D:5)
  7 snapping turtles
  10 dream sheep
  6 slime creatures
  4 shadows
  A spriggan (Lair:1)
  4 vampires
  A ynoxinul (Abyss:2)
  9 wraiths
  26 yaks
  2 wyverns
  6 water elementals
  6 fire elementals
  4 basilisks
  A steam dragon (Lair:2)
  11 vampire mosquitoes
  A small abomination (Abyss:2)
  A naga (Lair:3)
  Edmund (D:4)
  2 spectral snapping turtles (Shoals:1)
  2 wargs (Orc:2)
  Menkaure (D:5)
  A hell hound (D:14)
  An acid dragon (D:12)
  15 water moccasins
  An ice beast (D:8)
  20 orc warriors
  A sky beast (D:5)
  9 black bears
  18 ogres
  A boggart (Abyss:2)
  18 wolves
  20 centaurs
  A phantom (D:4)
  Blork the orc (D:5)
  8 bullfrogs
  5 kobold brigands
  2 necrophages
  2 gnoll sergeants
  A scorpion (D:5)
  8 wights
  29 killer bees
  2 howler monkeys
  6 vampire bats (Bailey)
  3 wolf zombies (Bailey)
  3 electric eels
  20 starcursed masses (Abyss:2)
  2 hounds
  3 jellies
  12 orc priests
  A gnoll bouda (D:8)
  4 iguanas
  An iron imp (Abyss:2)
  18 orc wizards
  18 gnolls
  4 adders
  3 dart slugs
  50 orcs
  7 ball pythons
  5 bats
  7 endoplasms
  3 giant cockroaches
  7 goblins
  10 hobgoblins
  5 jackals (D:4)
  12 kobolds
  7 frilled lizards
  17 orc zombies (Bailey)
  A rat (D:1)
  A plant (Shoals:3)
  2 starspawn tentacles (Abyss:2)
  3 tentacles
  A withered plant (Shoals:2)
777 creatures vanquished.

Vanquished Creatures (others)
  A harpy (Shoals:1)
  A faun (Shoals:3)
  A centaur (D:15)
  An orc wizard (Orc:2)
  28 fungi
  98 plants
  15 starspawn tentacles (Abyss:2)
  16 tentacles
  4 withered plants
165 creatures vanquished.

Grand Total: 942 creatures vanquished

Notes
Turn   | Place    | Note
-------+----------+-------------------------------------------
     0 | D:1      | xian the Troll Gladiator began the quest for the Orb.
     0 | D:1      | Reached XP level 1. HP: 19/19 MP: 0/0
   222 | D:1      | Reached skill level 3 in Maces & Flails
   259 | D:1      | Reached XP level 2. HP: 28/28 MP: 1/1
   965 | D:2      | Reached XP level 3. HP: 35/35 MP: 2/2
  1951 | D:3      | Learned a level 1 spell: Necrotise
  2047 | D:3      | Found a blossoming altar of Fedhas.
  2177 | D:3      | Reached XP level 4. HP: 44/44 MP: 3/3
  2288 | D:3      | Found a runed translucent door.
  2288 | D:3      | Noticed jamesblauser's ghost (amateur TeVM)
  2409 | D:3      | Found a broken altar of Ashenzari.
  2421 | D:3      | Found Xoiryk's Weapon Shoppe.
  2443 | D:3      | Found Oheet's Distillery.
  2456 | D:3      | Bought a potion of degeneration for 11 gold pieces
  2456 | D:3      | Bought a potion of heal wounds for 55 gold pieces
  2765 | D:3      | Bought 3 poisoned darts for 13 gold pieces
  2801 | D:4      | Reached skill level 4 in Maces & Flails
  2808 | D:4      | Found a transporter.
  2827 | D:4      | Found a transporter.
  2843 | D:4      | Noticed a black bear
  2857 | D:4      | Reached XP level 5. HP: 46/50 MP: 4/4
  2882 | D:4      | Killed a black bear
  2967 | D:4      | Noticed Edmund
  2977 | D:4      | Killed Edmund
  2978 | D:4      | Reached XP level 6. HP: 55/59 MP: 5/5
  3012 | D:4      | Reached skill level 5 in Maces & Flails
  3175 | D:4      | Found a radiant altar of Vehumet.
  3188 | D:4      | Reached XP level 7. HP: 67/67 MP: 6/6
  3346 | D:4      | Noticed a fire bat
  3346 | D:4      | Noticed a fire bat
  3347 | D:4      | Noticed a fire bat
  3377 | D:5      | Entered Level 5 of the Dungeon
  3399 | D:5      | Found Raogil's Tremendous Tomes.
  3445 | D:5      | Noticed Blork the orc
  3457 | D:5      | Killed Blork the orc
  3507 | D:5      | Noticed Prince Ribbit
  3534 | D:5      | Killed Prince Ribbit
  3535 | D:5      | Reached skill level 6 in Maces & Flails
  3535 | D:5      | Reached XP level 8. HP: 70/75 MP: 7/7
  3731 | D:5      | Noticed Menkaure
  3743 | D:5      | Killed Menkaure
  3744 | D:5      | Reached skill level 7 in Maces & Flails
  4136 | D:3      | Bought a potion of berserk rage for 55 gold pieces
  4136 | D:3      | Bought a potion of curing for 33 gold pieces
  4376 | D:6      | Identified the +4 hand axe of Red Absolution {vorpal, rC+}
  4489 | D:6      | Found a staircase to the Ecumenical Temple.
  4507 | D:6      | Found a hazy altar of Hepliaklqana.
  4513 | Temple   | Entered the Ecumenical Temple
  4753 | Temple   | Became a worshipper of Qazlal Stormbringer
  4780 | D:6      | Found a shimmering blue altar of Sif Muna.
  4879 | D:6      | Found an iron altar of Okawaru.
  4880 | D:6      | Found a white marble altar of Elyvilon.
  4880 | D:6      | Found a burning altar of Makhleb.
  5002 | D:6      | Reached skill level 1 in Stealth
  5328 | D:7      | Identified a scroll of acquirement
  5329 | D:7      | Acquired a +10 spectral giant spiked club
  5337 | D:7      | Found a flagged portal.
  5347 | D:7      | Reached XP level 9. HP: 84/84 MP: 8/8
  5375 | Bailey   | Entered a bailey
  5477 | Bailey   | Reached * piety under Qazlal
  5478 | Bailey   | Reached skill level 8 in Maces & Flails
  5485 | Bailey   | Reached skill level 5 in Dodging
  5544 | Bailey   | Noticed a gargoyle
  5549 | Bailey   | Killed a gargoyle
  5574 | Bailey   | Reached skill level 9 in Maces & Flails
  5584 | Bailey   | Identified the +1 plate armour of Valour {+Blink rC+}
  5938 | D:7      | Reached skill level 1 in Armour
  6812 | D:8      | Reached ** piety under Qazlal
  7167 | D:8      | Reached XP level 10. HP: 94/94 MP: 9/9
  7396 | D:9      | Found Huket's Armour Shop.
  7404 | D:9      | Bought a +0 cloak for 54 gold pieces
  7416 | D:9      | Found a staircase to the Orcish Mines.
  7432 | D:9      | Found Zuclius's Assorted Antiques.
  7439 | D:9      | Found Atotzih's Weapon Shop.
  7440 | D:9      | Bought a twitching gossamer ring for 130 gold pieces
  7440 | D:9      | Identified the ring of Modaoguh {rC+ Will+ Slay+2} (You
                  | bought it in a shop on level 9 of the Dungeon)
  7440 | D:9      | Bought a scroll labelled ESMENE IGUIPT for 26 gold pieces
  7452 | D:9      | Noticed Maggie
  7458 | D:9      | Found Puothran's Antique Armour Boutique.
  7476 | D:9      | Reached skill level 5 in Fighting
  7619 | D:9      | Killed Maggie
  7679 | D:9      | Found Erab's Book Shop.
  7684 | D:9      | Bought 4 atropa-tipped darts for 36 gold pieces
  7858 | D:9      | Noticed Psyche
  7864 | D:9      | Killed Psyche
  7865 | D:9      | Reached skill level 10 in Maces & Flails
  7882 | D:9      | Reached skill level 1 in Shields
  8172 | D:10     | Entered Level 10 of the Dungeon
  8177 | D:10     | Noticed a salamander
  8184 | D:10     | a salamander changed into a raiju
  8206 | D:10     | Noticed a tengu warrior
  8212 | D:10     | Killed a tengu warrior
  8321 | D:11     | Noticed a gargoyle
  8325 | D:11     | Killed a gargoyle
  8344 | D:11     | Reached skill level 1 in Invocations
  8464 | D:11     | Reached skill level 11 in Maces & Flails
  8464 | D:11     | Reached XP level 11. HP: 86/104 MP: 11/11
  8917 | D:11     | Found a staircase to the Lair.
  8983 | Lair:1   | Entered Level 1 of the Lair of Beasts
  8995 | Lair:1   | Reached skill level 5 in Armour
  9328 | Lair:1   | Noticed a five-headed hydra
  9333 | Lair:1   | Killed a five-headed hydra
  9335 | Lair:1   | Noticed Harold
  9341 | Lair:1   | Killed Harold
  9378 | Lair:1   | Reached *** piety under Qazlal
  9997 | Lair:1   | Reached skill level 12 in Maces & Flails
 10070 | Lair:2   | Found a runed translucent door.
 10076 | Lair:2   | Noticed TheDoctor's ghost (adept FoFi)
 10088 | Lair:2   | Killed TheDoctor's ghost
 10091 | Lair:2   | Got the Compendium of Hazy Combustion
 10175 | Lair:2   | Reached XP level 12. HP: 110/115 MP: 14/14
 10231 | Lair:2   | Noticed a four-headed hydra
 10239 | Lair:2   | Killed a four-headed hydra
 10348 | Lair:2   | Noticed a death yak
 10348 | Lair:2   | Noticed a death yak
 10348 | Lair:2   | Noticed a death yak
 10348 | Lair:2   | Noticed a death yak
 10354 | Lair:2   | Noticed a death yak
 10355 | Lair:2   | Noticed a death yak
 10363 | Lair:2   | Killed a death yak
 10363 | Lair:2   | Reached **** piety under Qazlal
 10364 | Lair:2   | Reached skill level 5 in Invocations
 10365 | Lair:2   | Killed a death yak
 10370 | Lair:2   | Killed a death yak
 10383 | Lair:2   | Killed a death yak
 10384 | Lair:2   | Reached skill level 5 in Throwing
 10388 | Lair:2   | Killed a death yak
 10389 | Lair:2   | Reached skill level 13 in Maces & Flails
 10392 | Lair:2   | Killed a death yak
 10945 | Lair:3   | Noticed Josephine
 11111 | Lair:3   | Noticed a five-headed hydra
 11116 | Lair:3   | Killed a five-headed hydra
 11176 | Lair:3   | Killed Josephine
 11427 | Lair:3   | Found a staircase to the Shoals.
 11437 | Lair:3   | Reached XP level 13. HP: 124/124 MP: 16/16
 11685 | Lair:3   | Found a staircase to the Snake Pit.
 12025 | Lair:4   | Reached skill level 14 in Maces & Flails
 12033 | Lair:4   | Reached ***** piety under Qazlal
 12209 | Lair:4   | Identified the +3 chain mail "Waiclauvafa" {rElec Int-4
                  | Dex+2}
 13071 | Lair:4   | Found a staircase to the Slime Pits.
 13120 | Lair:5   | Entered Level 5 of the Lair of Beasts
 13458 | Lair:5   | Reached skill level 15 in Maces & Flails
 13657 | Lair:5   | Found the ring of the Octopus King
 13667 | Lair:5   | Reached XP level 14. HP: 130/136 MP: 18/18
 13694 | Lair:5   | Identified a ring of the Octopus King {Fly HP+2 AC+2 EV+2
                  | SH+2}
 14298 | D:10     | Found Xoxefiysk's Jewellery Shop.
 14979 | D:12     | Reached ****** piety under Qazlal
 16059 | D:13     | Identified the +0 leather armour of the Saviour {Rampage
                  | rPois rF- Str-3}
 17047 | D:14     | Noticed Lodul
 17486 | D:14     | Found a gate to the Vaults.
 17498 | D:14     | Noticed Azrael
 17517 | D:14     | Killed Azrael
 17649 | D:14     | Killed Lodul
 17650 | D:14     | Reached skill level 16 in Maces & Flails
 18229 | D:10     | Bought the amulet "Tasuniok" {rElec rF+ Regen+ MP+9 Stlth+}
                  | for 945 gold pieces
 18399 | D:15     | Entered Level 15 of the Dungeon
 18417 | D:14     | Reached XP level 15. HP: 121/145 MP: 20/20
 18445 | D:15     | Noticed Agnes
 18448 | D:15     | Killed Agnes
 18814 | D:15     | Found a staircase to the Depths.
 19031 | D:15     | Found the +1 cloak of Starlight {*Dazzle EV+4 Stlth--}
 19122 | D:15     | Reached skill level 5 in Shields
 19179 | D:15     | Found a shadowy altar of Dithmenos.
 19562 | Orc:1    | Entered Level 1 of the Orcish Mines
 19717 | Orc:2    | Entered Level 2 of the Orcish Mines
 19828 | Orc:2    | Found a staircase to the Elven Halls.
 19946 | Orc:2    | Noticed Jorgrun
 19970 | Orc:2    | Killed Jorgrun
 20036 | Orc:2    | Reached skill level 10 in Invocations
 20198 | Orc:2    | Reached skill level 17 in Maces & Flails
 20306 | Orc:2    | Found Zorejaco's Antique Armour Shoppe.
 20306 | Orc:2    | Found Cefuoxt's Jewellery Shoppe.
 20307 | Orc:2    | Found Raoplo's Assorted Antiques.
 20307 | Orc:2    | Found Yrphias's Magic Scroll Boutique.
 20641 | Snake:1  | Entered Level 1 of the Snake Pit
 20656 | Snake:1  | HP: 7/148 [poisoned by a naga (splash of poison)]
 20795 | Shoals:1 | Entered Level 1 of the Shoals
 21039 | Shoals:1 | Found a transporter.
 21041 | Shoals:1 | Found a transporter.
 21042 | Shoals:1 | Noticed tizbic2's ghost (adept NaBe)
 21159 | Shoals:1 | Reached XP level 16. HP: 152/157 MP: 22/22
 21626 | Shoals:2 | Reached skill level 10 in Fighting
 21848 | Shoals:2 | Found a runed translucent door.
 21849 | Shoals:2 | Noticed Tang's ghost (adept TeAE)
 21860 | Shoals:2 | Killed Tang's ghost
 22204 | Abyss:2  | Cast into level 2 of the Abyss (merfolk)
 22247 | Abyss:2  | Noticed a tentacled starspawn
 22268 | Abyss:2  | Noticed a tentacled starspawn
 22277 | Abyss:2  | Noticed a tentacled starspawn
 22287 | Abyss:2  | Killed a tentacled starspawn
 22298 | Abyss:2  | HP: 4/158 [ynoxinul/iron shot (9)]
 22300 | Abyss:2  | Killed a tentacled starspawn
 22304 | Abyss:2  | Killed a tentacled starspawn
 22500 | Abyss:2  | Found a broken altar of Ashenzari.
 22511 | Abyss:2  | Paralysed by accursed screaming for 1 turns
 22568 | Abyss:2  | Noticed a tentacled starspawn
 22590 | Abyss:2  | Got the Lessons on Charms
 22598 | Abyss:2  | Got the Papyrus of Convocation
 22600 | Abyss:2  | Got the Teachings on the Oath
 22624 | Shoals:3 | Escaped the Abyss
 22686 | Shoals:1 | Killed tizbic2's ghost
 22747 | Shoals:1 | Identified the +9 whip "Embalmer" {pain, *Slow MP+9 Str+4
                  | Dex+6}
 22752 | Shoals:1 | Identified the ring "Qiuvaig" {rCorr Dex+8 Slay+2 SInv
                  | Stlth+}
 22759 | Shoals:1 | Identified the ring "Cafor" {rPois rC+ rN+ Str+3 Int+3}
 22931 | Shoals:3 | Reached skill level 10 in Armour
 22931 | Shoals:3 | Noticed Louise
 22940 | Shoals:3 | Identified the +2 ring mail "Ciphudyll" {rElec rN+ Regen+
                  | Str-2}
 22949 | Shoals:3 | Killed Louise
 23186 | Shoals:3 | Noticed a kraken
 23196 | Shoals:3 | Killed a kraken
 23564 | Shoals:4 | Entered Level 4 of the Shoals
 23587 | Shoals:4 | HP: 8/163 [snapping turtle (11)]
 23591 | Shoals:4 | HP: 1/163 [snapping turtle (7)]
 23591 | Shoals:4 | Slain by a merfolk aquamancer

Illustrated notes

Levels and vault maps discovered:
D:1:      onia_arrival_pentagram, layout_basic, minmay_misc_feat_columns
D:2:      layout_basic, serial_forest, infiniplex_forest_lined_room_2,
          infiniplex_forest_clump_double, infiniplex_forest_zigzag_2,
          infiniplex_forest_clump_diagonal, infiniplex_forest_clump_small,
          infiniplex_forest_corner_1, infiniplex_forest_clump_long
D:3:      layout_loops_corners, fedhas_ov_isle_minmay, lemuel_crystal_altar,
          gammafunk_ghost_grave, serial_shops, shop_fountains,
          nicolae_shop_waterfront
D:4:      gammafunk_cloud_chamber, layout_rooms, lemuel_crystal_altar,
          uniq_edmund
D:5:      layout_loops_ring, nicolae_shop_i_like_big_books, uniq_blork_the_orc,
          uniq_menkaure, uniq_prince_ribbit1
D:6:      layout_loops_ring, grunt_temple_overflow_open,
          minmay_temple_entry_gardened_gates, serial_bayou_lagoon_a
D:7:      layout_loops_corners, enter_bailey_2
D:8:      layout_basic
D:9:      layout_big_octagon, orc_0_dummy, serial_shops, nicolae_shop_crystal,
          shop, shop, nicolae_shop_overgrown_old_shop, shop, uniq_psyche,
          uniq_maggie
D:10:     cheibrodos_elevator_heist, layout_loops_ring, serial_shops,
          nicolae_shop_hallway_plus, serial_glass, glass_columns_a,
          glass_columns_a, nicolae_sextant, hangedman_decor_lopped
D:11:     layout_roguey, grunt_lair_entry_orc_guard_hut
D:12:     layout_layer_cave
D:13:     layout_loops_ring
D:14:     layout_cave_pools, lightli_vaults_fourway_checkpoint,
          nicolae_twisting_strands, uniq_azrael, uniq_lodul
D:15:     hangedman_depths_entry_civil_slaughter, layout_basic,
          grunt_dithmenos_smoke, uniq_agnes
Temple:   eino_temple_water
Lair:1:   layout_gridlike, special_room [special_room_bee],
          grunt_forest_large_clearing_hut, uniq_harold
Lair:2:   layout_hall_layers, gammafunk_ghost_grave, grunt_megastairs_4
Lair:3:   layout_cave_pods, elwin_shoals_entry_rooms,
          guppyfry_snake_entry_island, serial_bayou_pond_e,
          grunt_forest_small_clearing_treed, uniq_josephine
Lair:4:   layout_regular_city, minmay_slime_entry_oklob_open,
          hibernation_bobbens
Lair:5:   gammafunk_lair_ancient_temple, layout_cellular_growth,
          gammafunk_lair_bear_cave, infiniplex_staircase_pool,
          serial_bayou_shore_b
Shoals:1: layout_shoals, ebering_ghost_davey_jones
Shoals:2: layout_shoals, gammafunk_ghost_grave
Shoals:3: layout_shoals, uniq_louise
Shoals:4: shoals_end_hangedman, layout_shoals, uniq_polyphemus
Snake:1:  layout_grid_shapes, portal_ice_cave_entry_ice_statue_two,
          serial_shops, shop_statue
Orc:1:    layout_caves, basic_altar
Orc:2:    st_orc_elflike, layout_caves, uniq_jorgrun

Skill      XL: |  1  2  3  4  5  6  7  8  9 10 11 12 13 14 15 16 |
---------------+-------------------------------------------------+-----
Maces & Flails | 3 4 5 6 7 9 11 12 13 15 16 17 | 17.9
Fighting       | 2 3 4 5 6 7 8 9 10 | 10.9
Dodging        | 3 4 5 6 7 |  7.8
Throwing       | 2 3 4 5 |  5.5
Stealth        | 1 2 |  2.2
Armour         | 2 4 6 7 8 9 10 | 10.1
Shields        | 1 2 3 4 5 6 |  6.1
Invocations    | 1 4 6 7 9 10 11 | 11.0

Action                   |  1- 3 |  4- 6 |  7- 9 | 10-12 | 13-15 | 16-18 || total
-------------------------+-------+-------+-------+-------+-------+-------++-------
Melee: Flail             |   134 |    16 |       |       |       |       ||   150
       Punch             |     3 |       |     2 |       |       |       ||     5
       Morningstar       |       |    71 |   137 |       |       |       ||   208
       Giant spiked club |       |       |    83 |   277 |   571 |   210 ||  1141
Throw: Javelin           |     2 |    19 |    11 |     4 |       |       ||    36
       Dart              |       |     3 |    12 |     8 |    13 |       ||    36
       Throwing net      |       |     3 |     2 |       |       |       ||     5
       Large rock        |       |       |     1 |     1 |    16 |     3 ||    21
 Cast: Necrotise         |     1 |       |       |       |       |       ||     1
Invok: Upheaval          |       |       |       |       |     1 |       ||     1
  Use: Scroll            |     3 |     5 |     6 |    13 |    11 |     3 ||    41
       Potion            |       |       |     4 |     2 |     3 |     7 ||    16
 Stab: Sleeping          |     3 |       |     1 |       |       |       ||     4
       Held in net/web   |       |       |     1 |       |       |       ||     1
       Distracted        |       |       |       |       |     4 |     4 ||     8
       Invisible         |       |       |       |       |     4 |     2 ||     6
Armor: Robe              |    80 |    75 |    82 |       |       |       ||   237
       Ice dragon scales |       |       |   105 |   194 |   371 |   113 ||   783
       Skin              |       |       |       |    18 |       |       ||    18
Dodge: Dodged            |   105 |    83 |   187 |   170 |   396 |   164 ||  1105
       Repelled          |       |       |       |       |     7 |     6 ||    13
Block: Other             |       |       |    14 |    78 |   314 |   117 ||   523
